 Dungeon Crawl Stone Soup version 0.29.1-2-gbd0b4ee654 (webtiles) character file.

Game seed: 1075077657273537570

56 GorkyZ the Chopper (level 3, -4/22 HPs)
             Began as a Gargoyle Gladiator on Nov 23, 2022.
             Frozen to death by an endoplasm (5 damage)
             ... on level 2 of the Dungeon.
             The game lasted 00:02:35 (1141 turns).

GorkyZ the Chopper (Gargoyle Gladiator)             Turns: 1141, Time: 00:02:36

Health: -4/22      AC: 10    Str: 19    XL:     3   Next: 97%
Magic:  3/3        EV: 10    Int:  8    God:
Gold:   35         SH:  4    Dex: 17    Spells: 2/2 levels left

rFire   . . .      SeeInvis .   a - +0 war axe
rCold   . . .      Faith    .   f - +0 buckler
rNeg    + . .      Spirit   .   l - +0 scale mail
rPois   ∞          Reflect  .   c - +0 helmet
rElec   +          Harm     .   (no cloak)
rCorr   .          Rampage  .   (no gloves)
Will    .....                   (no boots)
Stlth   ..........              (no amulet)
HPRegen 0.07/turn               j - +6 ring of dexterity
MPRegen 0.08/turn               (no ring)

@: no status effects
A: sickness immunity, AC +3, negative energy resistance 1, electricity
resistance, torment resistance 1, petrification resistance
a: no special abilities


You were on level 2 of the Dungeon.
You visited 1 branch of the dungeon, and saw 2 of its levels.

You collected 35 gold pieces.

Inventory:

Hand Weapons
 a - a +0 war axe (weapon)
Missiles
 d - 3 throwing nets (quivered)
 e - 3 javelins
Armour
 b - a +0 leather armour
 c - a +0 helmet (worn)
 f - a +0 buckler (worn)
 g - a +0 ring mail
 l - a +0 scale mail (worn)
Jewellery
 j - a +6 ring of dexterity (left hand)
Scrolls
 h - a scroll of teleportation {unknown}
 n - a scroll of vulnerability {unknown}
Potions
 i - a potion of mutation {unknown}
 k - a potion of invisibility {unknown}
 m - a potion of attraction {unknown}


   Skills:
 + Level 2.6 Fighting
 + Level 3.0 Axes
 + Level 2.1 Throwing
 + Level 1.2 Armour
 + Level 2.6 Dodging
 + Level 1.2 Shields
 + Level 0.8 Evocations


You had 2 spell levels left.
You didn't know any spells.
Your spell library contained the following spells:

 Spells                   Type           Power      Damage    Failure   Level
 Blink                    Tloc           0%         N/A       95%         2
 Lesser Beckoning         Tloc           0%         N/A       99%         3
 Manifold Assault         Tloc           0%         N/A       100%        5


Dungeon Overview and Level Annotations

Branches:
Dungeon (2/15)

Altars:


Innate Abilities, Weirdness & Mutations

You are immune to sickness and miasma.
Your stone body is resilient. (AC +3)
You are immune to poison.
You resist negative energy. (rN+)
You are resistant to electric shocks. (rElec)
You are resistant to unholy torment.
You are immune to petrification.


Message History

You are too injured to fight recklessly!
You are too injured to fight recklessly!
You are too injured to fight recklessly!
You are too injured to fight recklessly!
You are too injured to fight recklessly!
You are too injured to fight recklessly!
You are too injured to fight recklessly!
You are too injured to fight recklessly!
You are too injured to fight recklessly!
You are too injured to fight recklessly!
You are too injured to fight recklessly!
You are too injured to fight recklessly!
You are too injured to fight recklessly!
You are too injured to fight recklessly!
You are too injured to fight recklessly!
You are too injured to fight recklessly!
Unknown command.
You are too injured to fight recklessly!
You hit the endoplasm but do no damage.
The endoplasm is almost dead.
The endoplasm freezes you.
You are frozen.
* * * LOW HITPOINT WARNING * * *
The dart slug launches a dart at you.
The slug dart hits you but does no damage.
You completely miss the endoplasm.
The endoplasm is almost dead.
The endoplasm freezes you.
You are frozen.
* * * LOW HITPOINT WARNING * * *
The endoplasm freezes you.
You are frozen.
* * * LOW HITPOINT WARNING * * *
You hit the endoplasm but do no damage.
The endoplasm is almost dead.
You hit the dart slug but do no damage.
The dart slug bites you but does no damage.
The endoplasm freezes you.
You are frozen.
You die...

##.....#.....##
##.............##
#................
#................
#....)...........
#<...............
#........wJ......
..#......).@......#
#................##
####.)..†......##
###...##.#####
###.........#
#....####....#
#..##.# ##......
#...###.#>...####..
...# #.....# ..


You could see a dart slug and an endoplasm.

Vanquished Creatures
  Jessica (D:2)
  2 dart slugs (D:1)
  3 endoplasms (D:1)
  A giant cockroach (D:1)
  4 goblins
  A quokka (D:1)
  A ball python (D:1)
  2 bats (D:2)
  3 frilled lizards (D:1)
  3 kobolds
  6 rats
27 creatures vanquished.

Notes
Turn   | Place    | Note
-------+----------+-------------------------------------------
     0 | D:1      | GorkyZ the Gargoyle Gladiator began the quest for the Orb.
     0 | D:1      | Reached XP level 1. HP: 12/12 MP: 1/1
   321 | D:1      | Reached XP level 2. HP: 18/18 MP: 2/2
   972 | D:2      | Reached skill level 1 in Armour
   982 | D:2      | Reached XP level 3. HP: 14/22 MP: 3/3
  1114 | D:2      | Noticed Jessica
  1128 | D:2      | Killed Jessica
  1129 | D:2      | Reached skill level 3 in Axes
  1129 | D:2      | Reached skill level 1 in Shields
  1140 | D:2      | HP: 1/22 [frozen (3)]
  1141 | D:2      | Frozen to death by an endoplasm

Illustrated notes

Levels and vault maps discovered:
D:1:      spicycebolla_arrival_xxxplode, layout_loops_ring
D:2:      layout_rooms, ebering_ecumenical_altar_box, uniq_robin, uniq_jessica

Skill      XL: |  1  2  3 |
---------------+----------+-----
Armour         | 1 |  1.2
Throwing       | 2 |  2.1
Axes           | 3 |  3.0
Shields        | 1 |  1.2
Fighting       | |  2.6
Dodging        | |  2.6
Evocations     | |  0.8

Action                   || total
-------------------------++-------
Melee: War axe           ||    76
Armor: Ring mail         ||    23
       Scale mail        ||    29
Dodge: Dodged            ||    37
Block: Buckler           ||    18
